 Seeded DCSS version 0.30.1 (webtiles) character file.

Game seed: 6351066067085065685 (custom seed)

7826 Esekla the Thaumaturge (level 11, -8/59 (60) HPs)
             Began as a Deep Elf Necromancer on July 14, 2023.
             Was an Elder of Vehumet.
             Mangled by a sixfirhy (9 damage)
             ... summoned by a kobold demonologist
             ... on level 9 of the Dungeon.
             The game lasted 01:09:41 (10122 turns).

Esekla the Thaumaturge (Deep Elf Necromancer)      Turns: 10122, Time: 01:09:41

HP:   -8/59 (60)    AC:  6    Str:  5    XL:     11   Next: 1%
MP:   37/37         EV: 14    Int: 25    God:    Vehumet [****..]
Gold: 629           SH:  5    Dex: 15    Spells: 20/33 levels left

rFire   . . .        a - +4 scimitar
rCold   . . .        G - +0 buckler
rNeg    . . .        o - +0 robe
rPois   .            N - +1 helmet
rElec   .            f - +0 cloak
rCorr   .            k - +0 pair of gloves
SInv    .            (no boots)
Will    +....        A - amulet of magic regeneration
Stlth   +++          O - ring of magical power
HPRegen 0.29/turn    (no ring)
MPRegen 0.65/turn

%: no passive effects
@: studying Fighting, lightly drained
A: no striking features
a: Renounce Religion


You were on level 9 of the Dungeon.
You worshipped Vehumet.
Vehumet was greatly pleased with you.
You visited 1 branch of the dungeon, and saw 9 of its levels.
You also visited: Bailey.

You collected 629 gold pieces.

Inventory:

Hand Weapons
 a - a +4 scimitar (weapon)
 r - a +4 trident of venom
 s - the +5 rapier of the Hero {heavy, rN+ Dex+3}
   (You found it on level 3 of the Dungeon)

   Dex:       It affects your dexterity (+3).
   rN:        It protects you from negative energy.
 v - a +2 rapier of venom
Missiles
 x - 5 throwing nets
 D - 3 boomerangs
 H - 6 curare-tipped darts
 L - 34 poisoned darts (quivered)
Armour
 f - a +0 cloak (worn)
 k - a +0 pair of gloves (worn)
 o - a +0 robe (worn)
 G - a +0 buckler (worn)
 N - a +1 helmet (worn)
Jewellery
 A - an amulet of magic regeneration (around neck)
 O - a ring of magical power (left hand)
Wands
 l - a wand of roots (11)
 C - a wand of flame (9)
 F - a wand of mindburst (6)
Scrolls
 c - 2 scrolls of noise
 e - 4 scrolls of fear {unknown}
 n - a scroll of immolation {unknown}
 p - 5 scrolls of blinking {unknown}
 t - 2 scrolls of fog {unknown}
 u - 2 scrolls of amnesia {unknown}
 w - 3 scrolls of enchant weapon
 y - 2 scrolls of silence {unknown}
 z - a scroll of magic mapping {unknown}
 E - a scroll of teleportation
 I - 2 scrolls of poison
 J - 2 scrolls of acquirement
 M - a scroll of torment {unknown}
 P - a scroll of enchant armour {unknown}
 Q - a scroll of vulnerability {unknown}
Potions
 b - a potion of magic
 d - 3 potions of ambrosia
 g - 6 potions of attraction {unknown}
 h - a potion of heal wounds
 i - 2 potions of haste
 j - 8 potions of curing
 m - a potion of mutation
 q - 3 potions of brilliance
 B - 2 potions of lignification
 R - a potion of cancellation


   Skills:
 * Level 3.5 Fighting
 + Level 3.8(4.2) Short Blades
 + Level 2.1(3.1) Long Blades
 + Level 1.4 Throwing
 * Level 7.1 Dodging
 + Level 5.5 Stealth
 * Level 2.6 Shields
 * Level 11.8 Spellcasting
 + Level 4.0 Conjurations
 * Level 9.9 Necromancy
 - Level 4.1 Translocations
 + Level 3.3 Air Magic
 + Level 3.8 Poison Magic
 + Level 1.9 Evocations


You had 20 spell levels left.
You knew the following spells:

 Your Spells              Type           Power      Damage    Failure   Level
a - Magic Dart            Conj           100%       1d8       1%          1
b - Necrotise             Necr           100%       1d9       1%          1
d - Vampiric Draining     Necr           59%        2d10      1%          3
m - Volatile Blastmotes   Fire/Tloc      50%        2d14      2%          3
t - Teleport Other        Tloc           35%        N/A       4%          3
v - Poisonous Vapours     Pois/Air       66%        N/A       1%          2

Your spell library contained the following spells:

 Spells                   Type           Power      Damage    Failure   Level
 Lesser Beckoning         Tloc           70%        N/A       1%          2
 Animate Dead             Necr           59%        N/A       1%          4
 Agony                    Necr           59%        N/A       3%          5
 Gell's Gravitas          Tloc           35%        N/A       4%          3
 Spider Form              Tmut/Pois      24%        N/A       10%         3
 Cause Fear               Hex            7%         N/A       58%         4
 Summon Mana Viper        Hex/Summ       14%        N/A       90%         5


Dungeon Overview and Level Annotations

Branches:
Dungeon (9/15)             Temple (0/1) D:6          Bailey (visited)
   Lair: D:8-11         Orc: D:9-12

Altars:
Dithmenos
Fedhas
Hepliaklqana
Nemelex Xobeh
Okawaru
Qazlal
Trog
Uskayaw
Vehumet
Zin
The Shining One

Shops:
D:2 =   D:4 (


Message History

Things that are here:
a +2 vampiric dagger; a +0 robe; an orc skeleton
Items here: )) [[.
Okay, then.
You see here a +1 mace of protection.
Found a stone staircase leading down.
There is an open door here.
A kobold demonologist comes into view. It is wielding a +0 dagger.
The kobold demonologist shouts!
The kobold demonologist looks encouraged for a moment.
The kobold demonologist casts a spell.
Casting: Magic Dart (safe; 1% risk of failure)
Confirm with . or Enter, or press ? or * to list all spells.
A cloud of volatile blastmotes flares up around you!
The sixfirhy hits you! The sixfirhy shocks you!
The sixfirhy hits you but does no damage.
The kobold demonologist gestures wildly while chanting.
The sixfirhy attacks as you move away! You block the sixfirhy's attack.
The cloud of blastmotes explodes!
The concussive blast engulfs the sixfirhy!
The sixfirhy is moderately wounded.
The concussive blast engulfs the kobold demonologist!
The kobold demonologist is moderately wounded.
The kobold demonologist is knocked back by the blast.
The sixfirhy hits you. The sixfirhy shocks you!
You block the sixfirhy's attack.
As you read the scroll labelled MEBRE ZOFEPO, it crumbles to dust.
You hear a loud clanging noise!
It was a scroll of noise.
You hear a loud, deep croak!
You hear an angry hiss.
You hear an angry buzzing noise.
You hear a shout!
You hear an angry buzzing noise.
The sixfirhy hits you. The sixfirhy shocks you!
* * * LOW HITPOINT WARNING * * *
The sixfirhy completely misses you.
The sixfirhy hits you but does no damage.
The sixfirhy hits you!
* * * LOW HITPOINT WARNING * * *
The sixfirhy shocks you!
You die...

#.........).# #....########
..>.. ##....# ....# #.....#
....# #.....### ...#
#....... #.##########.....#
#..........3.....#
#.........@3.....####
'######......##'##.........
.........#.#.....#.........
........##.##.[..#..K......
....#.#..###.....#.........
...##.##..#...####.........
....###[)###...............
.#..##..##†##.....#########
.#..###..#)#......#


You could see a kobold demonologist and 2 sixfirhies.

Vanquished Creatures
  Harold (D:9)
  2 two-headed ogres
  Pikel (D:6)
  2 orc knights (Bailey)
  Joseph (D:7)
  2 steam dragons
  A wyvern (D:7)
  Menkaure (D:7)
  An ice beast (D:6)
  A sky beast (D:6)
  8 orc warriors
  2 black bears
  2 ogres
  A centaur (D:7)
  A phantom (D:7)
  A lemure (D:6)
  Blork the orc (D:6)
  3 kobold brigands
  2 gnoll sergeants
  A bullfrog (D:7)
  2 scorpions (D:5)
  9 wights
  2 killer bees (D:9)
  2 quasits
  2 gnoll boudas
  6 hounds
  A jelly (D:6)
  Crazy Yiuf (D:7)
  4 orc priests (D:8)
  A sleepcap (D:5)
  5 iguanas
  7 orc wizards
  25 gnolls
  8 adders
  3 shadow imps (D:8)
  6 white imps
  4 ufetubi
  A worm (D:4)
  3 dart slugs
  50 orcs
  6 ball pythons
  4 bats
  4 endoplasms
  9 goblins
  7 hobgoblins
  A quokka (D:1)
  4 frilled lizards
  14 kobolds
  A rat (D:2)
227 creatures vanquished.

Notes
Turn   | Place    | Note
-------+----------+-------------------------------------------
     0 | D:1      | Esekla the Deep Elf Necromancer began the quest for the
                  | Orb.
     0 | D:1      | Reached XP level 1. HP: 10/10 MP: 6/6
    89 | D:1      | Reached skill level 5 in Necromancy
   209 | D:1      | Reached XP level 2. HP: 11/15 MP: 8/8
   378 | D:4      | Found an iron altar of Okawaru.
   392 | D:4      | Found a radiant altar of Vehumet.
   396 | D:4      | Became a worshipper of Vehumet
   475 | D:4      | Found a glowing golden altar of the Shining One.
   503 | D:4      | Found a glowing silver altar of Zin.
   740 | D:3      | Identified the +5 rapier of the Hero {heavy, rN+ Dex+3}
   761 | D:2      | Found Renulab's Jewellery Shop.
   992 | D:1      | Reached XP level 3. HP: 16/19 MP: 9/9
   997 | D:1      | Learned a level 3 spell: Vampiric Draining
  1152 | D:1      | Reached skill level 1 in Short Blades
  1360 | D:2      | Noticed a black bear
  1462 | D:2      | Found a faded altar of an unknown god.
  1571 | D:2      | Reached XP level 4. HP: 24/24 MP: 6/10
  1573 | D:2      | Reached * piety under Vehumet
  1573 | D:2      | Offered knowledge of Magic Dart by Vehumet.
  1577 | D:2      | Learned a level 1 spell: Magic Dart
  1786 | D:2      | Killed a black bear
  1787 | D:2      | Reached XP level 5. HP: 28/28 MP: 8/12
  2303 | D:3      | Found a stormy altar of Qazlal.
  2305 | D:3      | Found a bloodstained altar of Trog.
  2324 | D:3      | Found a hazy altar of Hepliaklqana.
  2326 | D:3      | Reached skill level 1 in Conjurations
  2628 | D:4      | Found Ponaysk's Antique Weapon Boutique.
  2865 | D:3      | Reached XP level 6. HP: 30/32 MP: 9/13
  3002 | D:4      | Reached skill level 4 in Spellcasting
  3511 | D:5      | Entered Level 5 of the Dungeon
  3519 | D:5      | Got the Parchment of the Lumpy Olives
  3537 | D:5      | Found a shadowy altar of Dithmenos.
  3703 | D:5      | Offered knowledge of Kiss of Death by Vehumet.
  3704 | D:5      | Reached XP level 7. HP: 34/36 MP: 4/16
  3715 | D:5      | Learned a level 3 spell: Teleport Other
  3755 | D:5      | Reached ** piety under Vehumet
  3756 | D:5      | Reached skill level 1 in Throwing
  3756 | D:5      | Reached skill level 5 in Spellcasting
  4148 | D:5      | Reached skill level 1 in Translocations
  4443 | D:6      | Noticed Blork the orc
  4455 | D:6      | Killed Blork the orc
  4616 | D:6      | Reached skill level 6 in Spellcasting
  4616 | D:6      | Reached XP level 8. HP: 41/41 MP: 9/19
  4659 | D:6      | Found a blossoming altar of Fedhas.
  4805 | D:6      | Found a staircase to the Ecumenical Temple.
  5049 | D:6      | Noticed Pikel
  5078 | D:6      | Killed Pikel
  5079 | D:6      | Reached skill level 5 in Dodging
  5079 | D:6      | Reached skill level 5 in Stealth
  5079 | D:6      | Reached skill level 7 in Spellcasting
  5466 | D:7      | Reached skill level 8 in Spellcasting
  5466 | D:7      | Reached XP level 9. HP: 27/45 MP: 21/23
  5647 | D:7      | Offered knowledge of Poisonous Vapours by Vehumet.
  5686 | D:7      | Learned a level 2 spell: Poisonous Vapours
  5754 | D:7      | Noticed Menkaure
  5813 | D:7      | Noticed Joseph
  5911 | D:7      | Killed Joseph
  5912 | D:7      | Reached skill level 1 in Poison Magic
  6057 | D:7      | Reached skill level 1 in Air Magic
  6226 | D:7      | Killed Menkaure
  6227 | D:7      | Reached skill level 9 in Spellcasting
  6280 | D:7      | You fall into a shaft and drop 2 floors!
  6414 | D:9      | Noticed a two-headed ogre
  6415 | D:9      | Found a flagged portal.
  6428 | D:9      | Reached *** piety under Vehumet
  6439 | Bailey   | Entered a bailey
  6456 | Bailey   | Reached skill level 1 in Evocations
  6538 | Bailey   | Reached skill level 1 in Shields
  6717 | Bailey   | Offered knowledge of Stone Arrow by Vehumet.
  6789 | Bailey   | Identified the +2 bardiche of Puhoisos {heavy, rElec
                  | Stlth+}
  6794 | Bailey   | Noticed an orc knight
  6794 | Bailey   | Noticed an orc knight
  6828 | Bailey   | HP: 2/45 [orc knight/+0 glaive (16)]
  7162 | Bailey   | Killed an orc knight
  7163 | Bailey   | Reached XP level 10. HP: 23/51 MP: 22/25
  7297 | Bailey   | Killed an orc knight
  7298 | Bailey   | Reached skill level 1 in Fighting
  7298 | Bailey   | Reached skill level 10 in Spellcasting
  7434 | D:8      | Noticed a two-headed ogre
  7865 | D:7      | Found a runed translucent door.
  7866 | D:7      | Noticed Crazy Yiuf
  7874 | D:7      | Killed Crazy Yiuf
  8166 | D:8      | Reached skill level 1 in Long Blades
  8182 | D:8      | Reached **** piety under Vehumet
  8352 | D:8      | Offered knowledge of Volatile Blastmotes by Vehumet.
  8708 | D:8      | Killed a two-headed ogre
  8846 | D:8      | Found a hide-covered altar of Uskayaw.
  8861 | D:8      | Found a transporter.
  8875 | D:8      | Found a transporter.
  8877 | D:8      | Found a transporter.
  8877 | D:8      | Found a transporter.
  9329 | D:9      | Noticed Harold
  9382 | D:9      | Learned a level 3 spell: Volatile Blastmotes
  9641 | D:9      | Found a sparkling altar of Nemelex Xobeh.
  9677 | D:9      | Killed Harold
  9678 | D:9      | Reached skill level 11 in Spellcasting
  9697 | D:9      | Killed a two-headed ogre
  9779 | D:9      | Noticed a cyclops
  9914 | D:9      | Reached XP level 11. HP: 58/60 MP: 28/28
 10118 | D:9      | Noticed a sixfirhy
 10119 | D:9      | Noticed a sixfirhy
 10122 | D:9      | HP: 1/59 [sixfirhy[a kobold demonologist] (8)]
 10122 | D:9      | Mangled by a sixfirhy

Illustrated notes

Levels and vault maps discovered:
D:1:      sevenhm_arrival_forest_fort_small_3, layout_rooms,
          chequers_serial_rivers_room_b, minmay_misc_feat_five
D:2:      layout_loops_ring, dreamdust_ecumenical_altar_angels_and_demons,
          serial_shops, shop
D:3:      layout_basic, grunt_temple_overflow_open, minmay_misc_feat_iff
D:4:      layout_basic, nicolae_overflow_quartered_altars, serial_shops,
          nicolae_diamond_shop
D:5:      layout_loops_ring, lemuel_doored_altar, minmay_misc_feat_rows,
          dreamdust_wishing_well
D:6:      layout_loops_cross, fedhas_altar_fruit_tree,
          minmay_temple_entry_glass, uniq_pikel, uniq_blork_the_orc
D:7:      layout_basic, uniq_menkaure, uniq_joseph, uniq_crazy_yiuf_cottage
D:8:      layout_basic, nicolae_uskayaw_dance_hall, serial_demonic,
          serial_demonic_d, serial_demonic_a, serial_demonic_c,
          serial_demonic_c, nicolae_diode_quadrants
D:9:      layout_irregular_city, kennysheep_little_box, enter_bailey_4,
          minmay_between, uniq_harold

Skill      XL: |  1  2  3  4  5  6  7  8  9 10 11 |
---------------+----------------------------------+-----
Necromancy     | 5 6 7 8 9 |  9.9
Short Blades   | 1 2 3 |  3.8
Dodging        | 3 4 5 6 7 |  7.1
Stealth        | 3 4 5 |  5.5
Conjurations   | 1 2 3 4 |  4.0
Spellcasting   | 4 6 8 9 11 | 11.8
Throwing       | 1 |  1.4
Translocations | 1 3 4 |  4.1
Poison Magic   | 2 3 |  3.8
Air Magic      | 2 3 |  3.3
Evocations     | 1 |  1.9
Shields        | 1 2 |  2.6
Fighting       | 3 |  3.5
Long Blades    | 1 2 |  2.1

Action                     |  1- 3 |  4- 6 |  7- 9 | 10-12 || total
---------------------------+-------+-------+-------+-------++-------
  Melee: Short sword       |    37 |       |       |       ||    37
         Unarmed           |     9 |       |       |       ||     9
         Punch             |     1 |     1 |     4 |       ||     6
         Dagger            |    20 |       |       |       ||    20
         Rapier            |    41 |    61 |    76 |     4 ||   182
         Scimitar          |       |       |    35 |   138 ||   173
         Trident           |       |       |     1 |       ||     1
  Throw: Dart              |       |    22 |     9 |     2 ||    33
   Cast: Vampiric Draining |     4 |    19 |    68 |    39 ||   130
         Magic Dart        |       |     2 |    17 |    23 ||    42
         Teleport Other    |       |       |    18 |       ||    18
         Poisonous Vapours |       |       |    25 |    61 ||    86
         Volatile Blastmot |       |       |       |     8 ||     8
  Evoke: Wand              |       |     3 |    11 |    11 ||    25
    Use: Potion            |       |       |     2 |     1 ||     3
         Scroll            |       |       |     9 |     3 ||    12
   Stab: Sleeping          |     2 |     2 |    12 |     5 ||    21
         Distracted        |       |       |     1 |       ||     1
 Armour: Robe              |    24 |    19 |    31 |    43 ||   117
  Dodge: Dodged            |    74 |    75 |   136 |   116 ||   401
  Block: Buckler           |       |       |       |    40 ||    40
